 Dungeon Crawl Stone Soup version 0.28.0-1-gb440e238dd (webtiles) character file.

Game seed: 10867815967264002914

992 themarg the Destroyer (level 8, -5/43 HPs)
             Began as a Tengu Conjurer on Feb 22, 2022.
             Was an Initiate of Hepliaklqana.
             Slain by a hornet zombie (12 damage)
             ... on level 5 of the Dungeon.
             The game lasted 00:18:32 (5673 turns).

themarg the Destroyer (Tengu Conjurer)              Turns: 5673, Time: 00:18:32

Health: -5/43      AC:  3    Str:  8    XL:     8   Next: 18%
Magic:  11/16      EV: 15    Int: 20    God:    Hepliaklqana [......]
Gold:   169        SH:  0    Dex: 13    Spells: 10/16 levels left

rFire   . . .      SeeInvis .   h - +3 dagger
rCold   + . .      Faith    .   (no shield)
rNeg    + . .      Spirit   .   a - +0 robe
rPois   .          Reflect  .   (helmet restricted)
rElec   .          Harm     .   k - +0 cloak
rCorr   .          Rampage  .   (no gloves)
Will    .....                   (boots unavailable)
Stlth   ++........              (no amulet)
HPRegen 0.14/turn               l - ring of protection from cold
MPRegen 0.15/turn               o - ring of positive energy

@: flying quickly and evasively, quick
A: beak, talons 3, nimble flight
a: Renounce Religion


You were on level 5 of the Dungeon.
You worshipped Hepliaklqana.
Hepliaklqana was noncommittal.
You visited 2 branches of the dungeon, and saw 6 of its levels.

You collected 169 gold pieces.

Inventory:

Hand Weapons
 h - a +3 dagger (weapon)
Missiles
 i - 95 stones
 n - 10 poisoned darts
Armour
 a - a +0 robe (worn)
 k - a +0 cloak (worn)
Jewellery
 l - a ring of protection from cold (left hand)
 o - a ring of positive energy (right hand)
Wands
 q - a wand of polymorph (5)
Scrolls
 m - a scroll of amnesia {unknown}
 p - a scroll of magic mapping {unknown}
Potions
 b - a potion of haste {unknown}
 c - 2 potions of attraction
 e - a potion of degeneration
 f - a potion of brilliance {unknown}
 g - a potion of flight {unknown}
 j - 3 potions of curing
 r - a potion of magic {unknown}


   Skills:
 + Level 1.5 Fighting
 + Level 1.8 Short Blades
 + Level 3.3 Dodging
 + Level 3.1 Stealth
 + Level 4.9 Spellcasting
 + Level 9.9 Conjurations


You had 10 spell levels left.
You knew the following spells:

 Your Spells              Type           Power      Damage    Failure   Level
a - Magic Dart            Conj           100%       1d8       1%          1
b - Searing Ray           Conj           88%        2d7       1%          2
c - Dazzling Flash        Conj/Hex       50%        N/A       4%          3

Your spell library contained the following spells:

 Spells                   Type           Power      Damage    Failure   Level
 Fulminant Prism          Conj/Hex       12%        3d9       14%         4
 Iskenderun's Mystic Bla  Conj/Tloc      24%        2d7       16%         4
 Lee's Rapid Deconstruct  Erth           2%         3d5*      97%         5
 Borgnjor's Revivificati  Necr           2%         N/A       100%        8
 Necromutation            Tmut/Necr      2%         N/A       100%        8
 Death's Door             Necr           2%         N/A       100%        9


Dungeon Overview and Level Annotations

Branches:
Dungeon (5/15)             Temple (1/1) D:5

Altars:
Cheibriados
Dithmenos
Elyvilon
Fedhas
Hepliaklqana
Kikubaaqudgha
Makhleb
Okawaru
Qazlal
Ru
Sif Muna
Trog
Wu Jian
Yredelemnul

Shops:
D:3 :


Innate Abilities, Weirdness & Mutations

You have a beak for a mouth.
You have claws for feet.
Your magical nature lets you fly swiftly and evasively.


Message History

(Press . to maintain the ray.)
The orc shouts!
The searing ray hits the hornet zombie!
The hornet zombie is lightly damaged.
The hound closely misses you.
The searing ray hits the hornet zombie.
The hornet zombie is lightly damaged.
The hound bites you. The hound barely misses you.
The searing ray hits the hornet zombie.
The hornet zombie is moderately damaged.
The searing ray hits the orc!
You kill the orc!
You finish channelling your searing ray.
The hornet zombie misses you. The hound bites you.
The hornet zombie misses you. The hound barely misses you.
The hornet zombie hits you. The hound bites you.
You hit the hound. You claw the hound, but do no damage. You peck the hound.
The hound is severely wounded.
The hound closely misses you. The hornet zombie hits you!
You hit the hound.
The hound is almost dead.
The hound closely misses you. The hornet zombie hits you! The hound bites you.
You hit the hound.
You kill the hound!
The hornet zombie barely misses you.
You hit the hornet zombie but do no damage.
You claw the hornet zombie. You peck the hornet zombie.
The hornet zombie is heavily damaged.
The hornet zombie hits you. x2
* * * LOW HITPOINT WARNING * * *
You hit the hornet zombie.
The hornet zombie is heavily damaged.
The hornet zombie hits you.
* * * LOW HITPOINT WARNING * * *
You completely miss the hornet zombie.
You peck the hornet zombie, but do no damage.
The hornet zombie is heavily damaged.
The hornet zombie hits you!
You die...

###................
.#.................... .....
.............#.....^. ##.....
.............##..... .#.....
...................## .......
##.......##.........##.../...
###......#..............$....
# ##.....#.......Z...........
##..###......@............
#####....##.....#......#.
##........#####......
#....#.### .).... ##..##.#
..... #.##### ###.. ### .


You could see a hornet zombie.

Vanquished Creatures
  Sigmund (D:4)
  An ice beast (D:5)
  An ogre (D:5)
  A necrophage (D:4)
  A bullfrog (D:5)
  A scorpion (D:5)
  A water moccasin zombie (D:5)
  2 hounds
  A gnoll shaman (D:4)
  2 centaur skeletons (D:5)
  2 orc wizards (D:4)
  A hound skeleton (D:4)
  8 adders
  4 worms
  2 dart slugs
  7 orcs
  9 ball pythons
  9 bats
  4 endoplasms
  5 giant cockroaches
  7 goblins
  5 hobgoblins
  7 jackals
  8 kobolds
  3 quokkas
  A frilled lizard (D:1)
  6 rats
100 creatures vanquished.

Notes
Turn   | Place    | Note
-------+----------+-------------------------------------------
     0 | D:1      | themarg the Tengu Conjurer began the quest for the Orb.
     0 | D:1      | Reached XP level 1. HP: 10/10 MP: 4/4
   136 | D:1      | Reached XP level 2. HP: 15/15 MP: 4/6
   139 | D:1      | Learned a level 2 spell: Searing Ray
   458 | D:1      | Reached skill level 6 in Conjurations
   713 | D:1      | Reached XP level 3. HP: 19/19 MP: 5/7
   998 | D:1      | Found a faded altar of an unknown god.
  1505 | D:2      | Found a white marble altar of Elyvilon.
  1709 | D:2      | Reached XP level 4. HP: 24/24 MP: 5/8
  1749 | D:2      | Reached skill level 7 in Conjurations
  2580 | D:3      | Gained mutation: Your magical nature lets you fly swiftly
                  | and evasively. [Tengu growth]
  2580 | D:3      | Reached XP level 5. HP: 28/28 MP: 4/9
  2895 | D:3      | Found Wumior's Book Shop.
  3326 | D:4      | Found an ancient bone altar of Kikubaaqudgha.
  3328 | D:4      | Found a blossoming altar of Fedhas.
  3361 | D:3      | Learned a level 3 spell: Dazzling Flash
  3699 | D:4      | Reached XP level 6. HP: 33/33 MP: 4/11
  3803 | D:4      | Noticed Sigmund
  3809 | D:4      | Killed Sigmund
  3810 | D:4      | Reached skill level 1 in Short Blades
  3810 | D:4      | Reached skill level 8 in Conjurations
  4133 | D:4      | Found a burning altar of Makhleb.
  4167 | D:4      | Noticed a necrophage
  4174 | D:4      | Killed a necrophage
  4175 | D:4      | Reached XP level 7. HP: 37/37 MP: 4/14
  4645 | D:4      | Found a snail-covered altar of Cheibriados.
  4645 | D:4      | Found a white marble altar of Elyvilon.
  4725 | D:4      | Reached skill level 1 in Fighting
  4850 | D:5      | Entered Level 5 of the Dungeon
  4868 | D:5      | Reached skill level 9 in Conjurations
  5102 | D:5      | Reached XP level 8. HP: 40/43 MP: 7/16
  5223 | D:5      | Found a staircase to the Ecumenical Temple.
  5237 | Temple   | Entered the Ecumenical Temple
  5552 | Temple   | Became a worshipper of Hepliaklqana the Forgotten
  5673 | D:5      | Slain by a hornet zombie

Illustrated notes

Levels and vault maps discovered:
D:1:      shiori_arrival_elements, layout_loops_ring,
          hellmonk_ecumenical_altar_leap_of_faith, bh_walls_and_bars
D:2:      layout_rooms, basic_altar, chequers_serial_rivers_micro_a,
          minmay_tiny_reverse_x
D:3:      layout_basic, serial_shops, nicolae_diamond_shop
D:4:      layout_gridville, grunt_temple_overflow_growth_and_decay,
          lightli_temple_of_fire, gammafunk_temple_overflow_elements,
          hangedman_glass_teeth, hangedman_feature_mirror, uniq_sigmund
D:5:      kennysheep_kobold_camp, layout_cave_pools, minmay_temple_entry_trees,
          kennysheep_path_1
Temple:   compressed_dpeg_triangle_lava_temple

Skill      XL: |  1  2  3  4  5  6  7  8 |
---------------+-------------------------+-----
Conjurations   | 6 7 8 9 |  9.9
Spellcasting   | 3 4 |  4.9
Short Blades   | 1 |  1.8
Dodging        | 3 |  3.3
Fighting       | 1 |  1.5
Stealth        | 3 |  3.1

Action                   |  1- 3 |  4- 6 |  7- 9 || total
-------------------------+-------+-------+-------++-------
Melee: Dagger            |    14 |    24 |    24 ||    62
       Peck              |     4 |     4 |     5 ||    13
       Kick              |     3 |     8 |     9 ||    20
       Punch             |       |       |     1 ||     1
 Cast: Magic Dart        |    68 |    55 |    24 ||   147
       Searing Ray       |       |    17 |     9 ||    26
       Dazzling Flash    |       |     1 |       ||     1
  Use: Scroll            |       |       |     3 ||     3
 Stab: Sleeping          |     1 |       |       ||     1
Armor: Robe              |     3 |     9 |     7 ||    19
Dodge: Dodged            |     6 |    29 |    32 ||    67
